 Dungeon Crawl Stone Soup version 0.28-a0-1374-ga75cb3825e (webtiles) character file.

Game seed: 9139989903960240230

6050 rocketpapaya the Thaumaturge (level 10, -1/171 HPs)
             Began as a Gnoll Hedge Wizard on Dec 31, 2021.
             Was a Follower of Uskayaw.
             Slain by a two-headed ogre (9 damage)
             ... on level 9 of the Dungeon.
             The game lasted 00:51:08 (13891 turns).

rocketpapaya the Thaumaturge (Gnoll Hedge Wizard)  Turns: 13891, Time: 00:51:09

Health: -1/171     AC: 25    Str:  7 (9)  XL:     10   Next: 87%
Magic:  11/23      EV:  2    Int: 17 (20) God:    Uskayaw [*.....]
Gold:   431        SH:  0    Dex:  8 (10) Spells: 9/27 levels left

rFire   . . .      SeeInvis +   H - +5 dagger
rCold   . . .      Faith    .   (no shield)
rNeg    . . .      Spirit   .   (armour currently unavailable)
rPois   +          Reflect  .   (helmet currently unavailable)
rElec   .          Harm     .   (cloak currently unavailable)
rCorr   .          Rampage  .   (gloves currently unavailable)
Will    .....      NoTele   +   (boots currently unavailable)
Stlth   ..........              (no amulet)
HPRegen 0.38/turn               l - ring of see invisible
MPRegen 0.18/turn               (no ring)

@: berserking, tree-form, invisible, very quick
A: stationary, stasis, torment immunity, boosted hp, (fangs 1), strong nose,
distributed training, clever 1, clumsy 1, deterioration 1
a: Renounce Religion, Stomp


You were on level 9 of the Dungeon.
You worshipped Uskayaw.
Uskayaw was noncommittal.
You were a tree.
You visited 1 branch of the dungeon, and saw 9 of its levels.

You collected 431 gold pieces.

Inventory:

Hand Weapons
 h - a +4 dagger of freezing
 C - a +0 dagger of speed
 H - a +5 dagger (weapon)
Missiles
 G - 6 javelins (quivered)
Armour
 b - a +0 pair of gloves (melded)
 c - a +0 hat
 m - a +0 pair of boots (melded)
 r - a +2 leather armour of positive energy (melded)
 s - an orb of wrath
 z - a +0 cloak
 F - a scarf of resistance (melded)
 L - a +1 helmet (melded)
 M - a +2 robe of willpower
 N - +0 acid dragon scales
Jewellery
 l - a ring of see invisible (left branch)
Wands
 y - a wand of flame (17)
 J - a wand of paralysis (8)
 K - a wand of polymorph (10)
Scrolls
 a - 2 scrolls of teleportation {unknown}
 d - 2 scrolls of noise {unknown}
 e - a scroll of brand weapon {unknown}
 g - a scroll of enchant weapon {unknown}
 i - a scroll of amnesia {unknown}
 j - a scroll of fog {unknown}
 k - 7 scrolls of identify {unknown}
 p - 2 scrolls of magic mapping {unknown}
 q - a scroll of enchant armour {unknown}
 t - a scroll of acquirement {unknown}
 u - 2 scrolls of fear {unknown}
 D - a scroll of immolation {unknown}
Potions
 n - 3 potions of curing
 A - a potion of invisibility
 E - a potion of lignification
 I - a potion of ambrosia {unknown}


   Skills:
 + Level 5.6 Fighting
 + Level 5.6 Short Blades
 + Level 5.6 Long Blades
 + Level 5.6 Axes
 + Level 5.6 Maces & Flails
 + Level 5.6 Polearms
 + Level 5.6 Staves
 + Level 5.6 Slings
 + Level 5.6 Bows
 + Level 5.6 Crossbows
 + Level 5.6 Throwing
 + Level 5.6 Armour
 + Level 7.4 Dodging
 + Level 7.1 Stealth
 + Level 5.6 Shields
 + Level 5.6 Unarmed Combat
 + Level 9.2 Spellcasting
 + Level 5.2 Conjurations
 + Level 4.7 Hexes
 + Level 5.2 Summonings
 + Level 4.7 Necromancy
 + Level 5.2 Translocations
 + Level 4.7 Transmutations
 + Level 4.7 Fire Magic
 + Level 4.7 Ice Magic
 + Level 4.7 Air Magic
 + Level 4.7 Earth Magic
 + Level 4.7 Poison Magic
 + Level 6.2 Invocations
 + Level 5.6 Evocations


You had 9 spell levels left.
You knew the following spells:

 Your Spells              Type           Power      Damage    Failure   Level
a - Magic Dart            Conj           100%       1d8       1%          1
b - Slow                  Hex            92%        N/A       1%          1
c - Blink                 Tloc           50%        N/A       1%          2
d - Call Imp              Summ           25%        N/A       1%          2
e - Mephitic Cloud        Conj/Pois/Air  24%        N/A       3%          3
f - Ensorcelled Hibernat  Hex/Ice        46%        N/A       1%          2
g - Spider Form           Tmut/Pois      23%        N/A       4%          3
h - Summon Ice Beast      Ice/Summ       24%        N/A       12%         4

Your spell library contained the following spells:

 Spells                   Type           Power      Damage    Failure   Level
 Conjure Flame            Conj/Fire      24%        6-21      3%          3
 Portal Projectile        Hex/Tloc       48%        N/A       3%          3
 Summon Mana Viper        Hex/Summ       24%        N/A       32%         5
 Blade Hands              Tmut           11%        N/A       36%         5
 Excruciating Wounds      Necr           11%        N/A       36%         5
 Monstrous Menagerie      Summ           12%        N/A       100%        7


Dungeon Overview and Level Annotations

Branches:
Dungeon (9/15)             Temple (0/1) D:6            Lair (0/6) D:8
    Orc: D:9-12

Altars:
Elyvilon
Gozag
Kikubaaqudgha
Uskayaw
Yredelemnul

Shops:
D:1 (   D:3 [   D:4 *[   D:5 =   D:7 (

Annotations:
D:6 3 runed translucent doors, Clumpoid's ghost, novice GnFi
D:9 1 exclusion


Innate Abilities, Weirdness & Mutations

You are a tree.
Your roots penetrate the ground, keeping you stationary.
You cannot be teleported.
You are immune to unholy pain and torment.
Your maximum health is greatly increased.
Your equipment is partially melded.
((You have very sharp teeth.))
Your uncanny sense of smell can sniff out nearby items.
Your experience applies equally to all skills.
Your mind is acute. (Int +2)
You are clumsy. (Dex -2)
Your body sometimes deteriorates upon taking damage.


Message History

Press: ? - help, Shift-Dir - straight line, f - manticore
Aim: a manticore (chance to affect: 37%)
The manticore looks drowsy...
The helpless manticore fails to defend itself.
You impale the manticore!!
The manticore is heavily wounded.
The manticore barely misses you.
The manticore claws you but does no damage.
The manticore claws you.
* * * LOW HITPOINT WARNING * * *
You can now stomp with the beat.
Casting: Ensorcelled Hibernation (safe; 1% risk of failure)
Confirm with . or Enter, or press ? or * to list all spells.
Aiming: Mephitic Cloud (mildly dangerous; 3% risk of failure)
Press: ? - help, Shift-Dir - straight line, f/p - manticore
Aim: a manticore (heavily wounded, chance to affect: 58%)
The ball explodes into a vile cloud!
The stinking cloud engulfs the manticore but does no damage.
The manticore is heavily wounded.
The stinking cloud engulfs you but does no damage.
The stinking cloud engulfs the two-headed ogre but does no damage.
You hear a shout!
You hear two shouts!
The manticore is engulfed in noxious fumes.
The manticore appears confused.
You hit the manticore.
The manticore is heavily wounded.
A red film seems to cover your vision as you go berserk!
You feel yourself moving faster!
You feel mighty!
You rip and tear the barbed spikes from your body.
The manticore is engulfed in noxious fumes.
The manticore appears confused.
The manticore bites you but does no damage.
The manticore barely misses you. The manticore claws you.
* * * LOW HITPOINT WARNING * * *
You hit the manticore.
The manticore is severely wounded.
The two-headed ogre is engulfed in noxious fumes.
The two-headed ogre appears confused.
The two-headed ogre barely misses you.
The two-headed ogre hits you with a +0 giant spiked club!
You die...

≈≈≈≈≈≈...#..##l#.Y#..###
#≈≈≈≈≈...#..###Y##.p.###
#≈≈≈≈...#..# ##.####...
###≈≈#...#H######.......
.........#.##p..O.......
........##p..........#.#
.......°.☼############.#
.......HO.# ..
.......♣..# ##
..........# .......<###
........# ........#
#########


You could see a death knight, a two-headed ogre (confused) and a manticore
(confused).

Vanquished Creatures
  Joseph (D:8)
  A komodo dragon (D:8)
  An unseen horror (D:6)
  Psyche (D:8)
  2 trolls (D:6)
  A wyvern (D:9)
  5 yaks (D:8)
  Grum (D:8)
  A steam dragon (D:7)
  A water moccasin (D:8)
  An ice beast (D:6)
  An orc warrior (D:8)
  4 wolves
  A centaur (D:6)
  An ogre (D:7)
  2 bullfrogs
  6 wights
  8 killer bees
  2 howler monkeys (D:7)
  2 electric eels (D:8)
  A lava snake (D:8)
  A hound (D:6)
  A jelly (D:5)
  Crazy Yiuf (D:5)
  A centaur skeleton (D:6)
  6 orc priests
  2 iguanas
  5 orc wizards
  2 hound skeletons (D:3)
  5 adders
  A white imp (D:5)
  An ufetubus (D:5)
  A worm (D:2)
  2 dart slugs
  22 orcs
  9 ball pythons
  7 endoplasms
  5 giant cockroaches
  7 goblins
  8 hobgoblins
  2 jackals (D:1)
  2 quokkas
  3 bats
  6 frilled lizards
  A jackal skeleton (D:3)
  A jackal zombie (D:3)
  6 kobolds
  A quokka zombie (D:3)
  11 rats
164 creatures vanquished.

Vanquished Creatures (collateral kills)
  Menkaure (D:4)
  An acid dragon (D:8)
  An ogre (D:4)
  2 scorpions (D:5)
  A wyvern skeleton (D:6)
  3 killer bees (D:7)
  4 wights
  A howler monkey (D:7)
  3 hounds
  A centaur skeleton (D:7)
  Jessica (D:2)
  2 orc wizards
  2 adders
  A white imp (D:6)
  An adder skeleton (D:5)
  6 orcs
  2 goblins
  2 hobgoblins (D:1)
  A jackal (D:1)
  A ball python (D:1)
  A ball python zombie (D:3)
  A giant cockroach zombie (D:3)
  A kobold (D:4)
40 creatures vanquished.

Vanquished Creatures (others)
  A killer bee (D:7)
  3 fungi (D:8)
  7 plants (D:8)
11 creatures vanquished.

Grand Total: 215 creatures vanquished

Notes
Turn   | Place    | Note
-------+----------+-------------------------------------------
     0 | D:1      | rocketpapaya the Gnoll Hedge Wizard began the quest for the
                  | Orb.
     0 | D:1      | Reached XP level 1. HP: 13/13 MP: 8/8
     2 | D:1      | Learned a level 1 spell: Slow
   313 | D:1      | Found a faded altar of an unknown god.
   338 | D:1      | Reached XP level 2. HP: 12/19 MP: 8/10
   341 | D:1      | Learned a level 2 spell: Blink
   344 | D:1      | Learned a level 2 spell: Call Imp
   351 | D:1      | Prayed at the altar of an unknown god.
   351 | D:1      | Became a worshipper of Uskayaw the Reveller
   351 | D:1      | Reached * piety under Uskayaw
   657 | D:1      | Found Ibbedd's Weapon Shoppe.
   812 | D:1      | Reached ** piety under Uskayaw
   949 | D:1      | Reached XP level 3. HP: 25/25 MP: 9/11
  1363 | D:2      | Reached skill level 1 in Invocations
  1536 | D:2      | Noticed Jessica
  1542 | D:2      | Killed Jessica
  1543 | D:2      | Reached skill level 1 in Fighting
  1543 | D:2      | Reached skill level 1 in Short Blades
  1543 | D:2      | Reached skill level 1 in Long Blades
  1543 | D:2      | Reached skill level 1 in Axes
  1543 | D:2      | Reached skill level 1 in Maces & Flails
  1543 | D:2      | Reached skill level 1 in Polearms
  1543 | D:2      | Reached skill level 1 in Staves
  1543 | D:2      | Reached skill level 1 in Slings
  1543 | D:2      | Reached skill level 1 in Bows
  1543 | D:2      | Reached skill level 1 in Crossbows
  1543 | D:2      | Reached skill level 1 in Throwing
  1543 | D:2      | Reached skill level 1 in Armour
  1543 | D:2      | Reached skill level 1 in Shields
  1543 | D:2      | Reached skill level 1 in Unarmed Combat
  1543 | D:2      | Reached skill level 1 in Evocations
  1543 | D:2      | Reached XP level 4. HP: 32/32 MP: 1/13
  1931 | D:2      | Reached skill level 1 in Hexes
  1931 | D:2      | Reached skill level 1 in Necromancy
  1931 | D:2      | Reached skill level 1 in Transmutations
  1931 | D:2      | Reached skill level 1 in Fire Magic
  1931 | D:2      | Reached skill level 1 in Ice Magic
  1931 | D:2      | Reached skill level 1 in Air Magic
  1931 | D:2      | Reached skill level 1 in Earth Magic
  1931 | D:2      | Reached skill level 1 in Poison Magic
  1935 | D:2      | Learned a level 3 spell: Mephitic Cloud
  2328 | D:3      | Found Acuim's Armour Boutique.
  2497 | D:3      | Reached XP level 5. HP: 20/37 MP: 8/14
  3251 | D:3      | Found a white marble altar of Elyvilon.
  4088 | D:4      | Noticed Menkaure
  4096 | D:4      | Killed Menkaure
  4097 | D:4      | Reached skill level 5 in Dodging
  4097 | D:4      | Reached XP level 6. HP: 42/44 MP: 8/16
  4175 | D:4      | Found Gozag's Platinum Reserve.
  4178 | D:4      | Found an opulent altar of Gozag.
  4495 | D:4      | Found Esapi's Armour Boutique.
  4559 | D:4      | Reached XP level 7. HP: 48/50 MP: 11/18
  5607 | D:5      | Entered Level 5 of the Dungeon
  6132 | D:5      | Reached skill level 5 in Stealth
  6431 | D:5      | Learned a level 2 spell: Ensorcelled Hibernation
  6506 | D:5      | Found Vutwavuo's Jewellery Shop.
  6526 | D:5      | Found a basalt altar of Yredelemnul.
  6694 | D:5      | Reached XP level 8. HP: 19/57 MP: 1/19
  7055 | D:5      | Found a runed translucent door.
  7056 | D:5      | Noticed Crazy Yiuf
  7064 | D:5      | Killed Crazy Yiuf
  7291 | D:6      | Noticed a troll
  7291 | D:6      | Noticed a troll
  7311 | D:6      | Killed a troll
  7588 | D:6      | Found a staircase to the Ecumenical Temple.
  7820 | D:6      | Noticed Clumpoid's ghost (novice GnFi)
  7844 | D:6      | Found a runed translucent gate.
  7846 | D:6      | Found a runed translucent gate.
  7847 | D:6      | Found a runed translucent gate.
  7988 | D:6      | Reached skill level 8 in Spellcasting
  8091 | D:6      | Noticed an unseen horror
  8165 | D:6      | Killed a troll
  8271 | D:6      | Killed an unseen horror
  8272 | D:6      | Reached XP level 9. HP: 39/65 MP: 4/21
 10179 | D:7      | Reached skill level 5 in Invocations
 10190 | D:7      | Reached *** piety under Uskayaw
 10765 | D:7      | Reached XP level 10. HP: 49/71 MP: 16/22
 10889 | D:7      | Learned a level 3 spell: Spider Form
 10920 | D:7      | Found an ancient bone altar of Kikubaaqudgha.
 10980 | D:7      | Found Rarop's Antique Weapon Shop.
 11178 | D:8      | Reached skill level 5 in Fighting
 11178 | D:8      | Reached skill level 5 in Short Blades
 11178 | D:8      | Reached skill level 5 in Long Blades
 11178 | D:8      | Reached skill level 5 in Axes
 11178 | D:8      | Reached skill level 5 in Maces & Flails
 11178 | D:8      | Reached skill level 5 in Polearms
 11178 | D:8      | Reached skill level 5 in Staves
 11178 | D:8      | Reached skill level 5 in Slings
 11178 | D:8      | Reached skill level 5 in Bows
 11178 | D:8      | Reached skill level 5 in Crossbows
 11178 | D:8      | Reached skill level 5 in Throwing
 11178 | D:8      | Reached skill level 5 in Armour
 11178 | D:8      | Reached skill level 5 in Shields
 11178 | D:8      | Reached skill level 5 in Unarmed Combat
 11178 | D:8      | Reached skill level 5 in Evocations
 11606 | D:8      | Noticed Grum
 11930 | D:8      | Reached skill level 9 in Spellcasting
 11962 | D:8      | Killed Grum
 12389 | D:8      | Noticed Joseph
 12556 | D:8      | Killed Joseph
 12557 | D:8      | Reached skill level 5 in Conjurations
 12557 | D:8      | Reached skill level 5 in Summonings
 12557 | D:8      | Reached skill level 5 in Translocations
 12683 | D:8      | Noticed Psyche
 12764 | D:8      | Killed Psyche
 12801 | D:8      | Found a staircase to the Lair.
 13422 | D:8      | Gained mutation: Your body sometimes deteriorates upon
                  | taking damage. [potion of mutation]
 13422 | D:8      | Gained mutation: You are clumsy. (Dex -2) [potion of
                  | mutation]
 13422 | D:8      | Gained mutation: Your mind is acute. (Int +2) [potion of
                  | mutation]
 13488 | D:8      | Learned a level 4 spell: Summon Ice Beast
 13829 | D:9      | Noticed a death knight
 13833 | D:9      | Noticed a manticore
 13834 | D:9      | Noticed a two-headed ogre
 13836 | D:9      | Noticed a two-headed ogre
 13890 | D:9      | HP: 8/171 [manticore (5)]
 13891 | D:9      | Slain by a two-headed ogre

Illustrated notes

Levels and vault maps discovered:
D:1:      moated_graveyard_arrival, layout_loops_ring,
          chequers_ecumenical_altar_simple_redux, serial_shops,
          nicolae_shop_crystal
D:2:      layout_basic, uniq_jessica
D:3:      layout_loops_ring, elyvilon_altar_5, serial_shops, shop,
          serial_undead, serial_undead_c, serial_undead_e, serial_undead_d,
          serial_undead_c, serial_undead_c, serial_undead_a
D:4:      layout_gridville, nicolae_gozag_zags_fifth_avenue, serial_shops, shop,
          uniq_menkaure
D:5:      layout_basic, overflow_temple_1_default, serial_shops,
          nicolae_shop_behind_doors, serial_park_tiny_1, supply_closet_lemuel,
          uniq_crazy_yiuf_cottage
D:6:      layout_basic, temple_pool_b, gammafunk_ghost_icy, kb_rosetta
D:7:      layout_rooms, lemuel_doored_altar, serial_shops, nicolae_shop_trees
D:8:      layout_loops_corners, david_lair_shrubbed, nicolae_lava_and_water,
          solitary_fountain, water_boxes_lemuel, uniq_psyche, uniq_joseph,
          uniq_grum
D:9:      minmay_ornate_pinched, layout_basic, nicolae_hepliaklqana_hazy_memory,
          serial_shops, nicolae_shop_hallway_plus, minmay_misc_feat_plants

Skill      XL: |  1  2  3  4  5  6  7  8  9 10 |
---------------+-------------------------------+-----
Conjurations   | 2 3 4 5 |  5.2
Summonings     | 2 3 4 5 |  5.2
Translocations | 2 3 4 5 |  5.2
Invocations    | 1 2 3 4 5 6 |  6.2
Fighting       | 1 2 3 4 5 |  5.6
Short Blades   | 1 2 3 4 5 |  5.6
Long Blades    | 1 2 3 4 5 |  5.6
Axes           | 1 2 3 4 5 |  5.6
Maces & Flails | 1 2 3 4 5 |  5.6
Polearms       | 1 2 3 4 5 |  5.6
Staves         | 1 2 3 4 5 |  5.6
Slings         | 1 2 3 4 5 |  5.6
Bows           | 1 2 3 4 5 |  5.6
Crossbows      | 1 2 3 4 5 |  5.6
Throwing       | 1 2 3 4 5 |  5.6
Armour         | 1 2 3 4 5 |  5.6
Shields        | 1 2 3 4 5 |  5.6
Unarmed Combat | 1 2 3 4 5 |  5.6
Evocations     | 1 2 3 4 5 |  5.6
Hexes          | 1 2 3 4 |  4.7
Necromancy     | 1 2 3 4 |  4.7
Transmutations | 1 2 3 4 |  4.7
Fire Magic     | 1 2 3 4 |  4.7
Ice Magic      | 1 2 3 4 |  4.7
Air Magic      | 1 2 3 4 |  4.7
Earth Magic    | 1 2 3 4 |  4.7
Poison Magic   | 1 2 3 4 |  4.7
Dodging        | 5 6 7 |  7.4
Stealth        | 5 6 7 |  7.1
Spellcasting   | 8 9 |  9.2

Action                   |  1- 3 |  4- 6 |  7- 9 | 10-12 || total
-------------------------+-------+-------+-------+-------++-------
Melee: Dagger            |    40 |     7 |   163 |    91 ||   301
       Bite              |     6 |     5 |    12 |    10 ||    33
       Rapier            |       |    80 |    38 |       ||   118
       Punch             |       |       |     1 |       ||     1
Throw: Javelin           |       |       |    15 |     3 ||    18
 Cast: Magic Dart        |    72 |    80 |   131 |    24 ||   307
       Call Imp          |     5 |    19 |    60 |    10 ||    94
       Slow              |     1 |    13 |    59 |    12 ||    85
       Blink             |       |     2 |     3 |     3 ||     8
       Ensorcelled Hiber |       |       |    26 |    27 ||    53
       Mephitic Cloud    |       |       |    18 |    12 ||    30
       Summon Ice Beast  |       |       |       |     2 ||     2
Invok: Line Pass         |       |       |     3 |     2 ||     5
       Stomp             |       |       |     2 |     1 ||     3
Evoke: Wand              |       |       |     4 |     2 ||     6
  Use: Potion            |       |       |     1 |    11 ||    12
 Stab: Sleeping          |     2 |     4 |    16 |    15 ||    37
       Confused          |       |       |     9 |     4 ||    13
       Paralysed         |       |       |     1 |     1 ||     2
       Distracted        |       |       |     1 |       ||     1
Armor: Robe              |     8 |    17 |     3 |       ||    28
       Leather armour    |       |       |    52 |    16 ||    68
       Skin              |       |       |       |     4 ||     4
Dodge: Dodged            |    28 |    76 |   174 |    51 ||   329

Table legend: (Time is in decaauts)
 A = Elapsed time spent in this place.
 B = Non-inter-level travel time spent in this place.
 C = Inter-level travel time spent in this place.
 D = Time resting spent in this place.
 E = Time spent auto-exploring this place.
 F = Levels seen in this place.
 G = Mean time per level.
                   A        B        C        D        E       F      G
               +--------+--------+--------+--------+--------+-----+--------+
         Total |  13861 |  13306 |    555 |   3100 |   7159 |   9 | 1540.1 |
       Dungeon |  13861 |  13306 |    555 |   3100 |   7159 |   9 | 1540.1 |
               +--------+--------+--------+--------+--------+-----+--------+

Top non-repeatable levels by time:
     D:6: 2542 daAuts
     D:8: 1979 daAuts
     D:7: 1817 daAuts
     D:5: 1681 daAuts
     D:3: 1565 daAuts
     D:4: 1532 daAuts
     D:1: 1353 daAuts
     D:2: 1177 daAuts
     D:9: 211 daAuts
